 Dungeon Crawl Stone Soup version 0.28.0 (webtiles) character file.

Game seed: 17692076474152625780

407 Host24 the Quickloader (level 7, -6/41 HPs)
             Began as a Kobold Hunter on Feb 5, 2022.
             Mangled by a kobold brigand (7 damage)
             ... on level 5 of the Dungeon.
             The game lasted 00:10:02 (5820 turns).

Host24 the Quickloader (Kobold Hunter)              Turns: 5820, Time: 00:10:02

Health: -6/41      AC:  5    Str: 12    XL:     7   Next: 12%
Magic:  7/7        EV: 14    Int: 12    God:
Gold:   105        SH:  0    Dex: 15    Spells: 6/6 levels left

rFire   . . .      SeeInvis .   a - +1 hand crossbow
rCold   . . .      Faith    .   (no shield)
rNeg    . . .      Spirit   .   c - +0 leather armour
rPois   .          Reflect  .   E - +0 helmet
rElec   .          Harm     .   u - +0 cloak
rCorr   .          Rampage  .   (no gloves)
Will    .....                   (no boots)
Stlth   +++.......              (no amulet)
HPRegen 0.13/turn               (no ring)
MPRegen 0.10/turn               (no ring)

@: lethally poisoned (-6 -> -13), slowed, very slow
A: small, no large weapons, nightstalker 3
a: no special abilities


You were on level 5 of the Dungeon.
You visited 1 branch of the dungeon, and saw 5 of its levels.

You collected 105 gold pieces.

Inventory:

Hand Weapons
 a - a +1 hand crossbow (weapon)
 A - a +0 whip of electrocution
Missiles
 d - 23 bolts (quivered ammo)
 f - 46 stones
 l - 33 arrows
 r - 14 poisoned darts
Armour
 c - a +0 leather armour (worn)
 h - a +2 cloak
 m - a scarf of shadows
 u - a +0 cloak (worn)
 E - a +0 helmet (worn)
Jewellery
 y - an amulet of the acrobat
Wands
 C - a wand of mindburst (15)
Scrolls
 b - a scroll of vulnerability {unknown}
 i - a scroll of noise {unknown}
 k - a scroll of amnesia {unknown}
 n - a scroll of immolation {unknown}
 p - 2 scrolls of identify {unknown}
 t - 4 scrolls of teleportation {unknown}
 v - a scroll of fear {unknown}
 w - a scroll of summoning {unknown}
 x - a scroll of fog {unknown}
Potions
 e - a potion of haste {unknown}
 g - a potion of magic {unknown}
 j - a potion of cancellation {unknown}
 o - 3 potions of heal wounds {unknown}
 q - a potion of resistance {unknown}
 s - a potion of might {unknown}
 z - a potion of curing {unknown}
 B - a potion of ambrosia {unknown}
 D - a potion of degeneration {unknown}


   Skills:
 - Level 3.0 Fighting
 + Level 9.0 Crossbows
 - Level 3.1 Dodging
 - Level 1.3 Stealth


You had 6 spell levels left.
You didn't know any spells.
Your spell library contained the following spells:

 Spells                   Type           Power      Damage    Failure   Level
 Ignite Poison            Fire/Tmut/Pois 0%         N/A       77%         3
 Mephitic Cloud           Conj/Pois/Air  0%         N/A       77%         3
 Freezing Cloud           Conj/Ice/Air   0%         6-21      100%        5


Dungeon Overview and Level Annotations

Branches:
Dungeon (5/15)
 Temple: D:4-7

Altars:

Shops:
D:2 (

Annotations:
D:4 Blork the orc, Dowan, Duvessa


Innate Abilities, Weirdness & Mutations

You are small and have problems with some larger weapons.
You are completely attuned to the shadows.


Message History

Fire: 27 bolts
Press: ? - help, Q - select action, (/) - cycle Shift-Dir - straight line, f/p - kobold brigand
Aim: a kobold brigand, wielding a +0 club and quivering curare-tipped darts (lightly wounded, 62% to hit)
You shoot a bolt. The bolt hits the kobold brigand!
The kobold brigand is heavily wounded.
You feel very sick.
The kobold brigand throws a curare-tipped dart.
The curare-tipped dart hits you.
You are more poisoned.
You have difficulty breathing.
You feel as though you will be slow longer.
Okay, then.
Fire: 26 bolts
Press: ? - help, Q - select action, (/) - cycle Shift-Dir - straight line, f/p - kobold brigand
Aim: a kobold brigand, wielding a +0 club and quivering curare-tipped darts (heavily wounded, 62% to hit)
You shoot a bolt. The bolt hits the kobold brigand.
The kobold brigand is severely wounded.
* * * LOW HITPOINT WARNING * * *
You feel extremely sick.
A kobold comes into view. It is wielding a +0 dagger.
The kobold brigand barely misses you.
Fire: 25 bolts
Press: ? - help, Q - select action, (/) - cycle Shift-Dir - straight line, f/p - kobold brigand
Aim: a kobold brigand, wielding a +0 club and quivering curare-tipped darts (severely wounded, 62% to hit)
You shoot a bolt.
The bolt barely misses the kobold brigand.
* * * LOW HITPOINT WARNING * * *
You feel very sick.
The kobold throws a stone.
The stone closely misses you.
A kobold comes into view.
It is wielding a +0 whip and quivering poisoned darts.
The kobold brigand misses you.
Fire: 24 bolts
Press: ? - help, Q - select action, (/) - cycle Shift-Dir - straight line, f/p - kobold brigand
Aim: a kobold brigand, wielding a +0 club and quivering curare-tipped darts (severely wounded, 62% to hit)
You shoot a bolt. The bolt hits the kobold brigand.
The kobold brigand is almost dead.
* * * LOW HITPOINT WARNING * * *
You feel very sick.
The kobold brigand hits you with a +0 club!
You die...

♣.♣P....'..
♣♣.♣....####
♣♣.♣.).....
♣.♣........
P♣.♣.P.((......
♣.♣.....(K....♣
.♣P♣...##(#...♣
♣.♣.....K#..♣
.♣♣♣.....@♣
♣P♣....♣.♣
♣...♣.....♣
♣.♣♣.....♣.
♣..###.## ♣###


You could see a kobold brigand and a kobold.

Vanquished Creatures
  An ogre (D:4)
  A bullfrog zombie (D:5)
  A bullfrog skeleton (D:5)
  2 hounds
  3 iguanas
  3 gnolls (D:5)
  3 adders
  An ufetubus (D:4)
  An adder skeleton (D:4)
  6 worms
  3 orcs
  4 endoplasms
  A giant cockroach (D:3)
  5 goblins
  4 hobgoblins
  5 kobolds
  4 quokkas
  7 ball pythons
  3 bats
  4 frilled lizards
  4 rats
66 creatures vanquished.

Vanquished Creatures (others)
  51 fungi (D:5)
  55 plants (D:5)
106 creatures vanquished.

Grand Total: 172 creatures vanquished

Notes
Turn   | Place    | Note
-------+----------+-------------------------------------------
     0 | D:1      | Host24 the Kobold Hunter began the quest for the Orb.
     0 | D:1      | Reached XP level 1. HP: 12/12 MP: 1/1
    27 | D:1      | Found a faded altar of an unknown god.
   250 | D:1      | Reached skill level 5 in Crossbows
   669 | D:1      | Reached XP level 2. HP: 18/18 MP: 2/2
  1214 | D:2      | Reached XP level 3. HP: 23/23 MP: 3/3
  1872 | D:2      | Found Rarhuywyxo's Antique Weapon Boutique.
  2575 | D:3      | Reached XP level 4. HP: 28/28 MP: 4/4
  3315 | D:4      | Noticed an orc warrior
  3445 | D:4      | Reached skill level 6 in Crossbows
  3505 | D:4      | Noticed Dowan
  3507 | D:4      | Noticed Duvessa
  3900 | D:4      | Reached XP level 5. HP: 31/32 MP: 5/5
  4027 | D:4      | Noticed an ogre
  4042 | D:4      | Killed an ogre
  4043 | D:4      | Reached skill level 7 in Crossbows
  4251 | D:4      | Reached XP level 6. HP: 37/37 MP: 6/6
  4873 | D:4      | Noticed Blork the orc
  4967 | D:5      | Entered Level 5 of the Dungeon
  5120 | D:5      | Reached skill level 8 in Crossbows
  5495 | D:5      | Reached XP level 7. HP: 40/41 MP: 7/7
  5517 | D:5      | Reached skill level 9 in Crossbows
  5820 | D:5      | HP: 1/41 [poisoned by a kobold brigand (curare-tipped
                  | dart)]
  5820 | D:5      | Mangled by a kobold brigand

Illustrated notes

Levels and vault maps discovered:
D:1:      dpeg_arrival_long_road, layout_basic,
          ebering_ecumenical_altar_abandoned
D:2:      layout_loops_cross, serial_shops, nicolae_shop_overgrown_old_shop
D:3:      layout_basic, minivault_5
D:4:      layout_loops_corners, nicolae_wormholes, uniq_duvessa,
          uniq_blork_the_orc
D:5:      wad_woods_settlement, layout_loops_ring,
          mainiacjoe_overflow_catch_the_wave

Skill      XL: |  1  2  3  4  5  6  7 |
---------------+----------------------+-----
Crossbows      | 5 6 7 8 9 |  9.0
Fighting       | 3 |  3.0
Dodging        | 3 |  3.1
Stealth        | |  1.3

Action                   |  1- 3 |  4- 6 |  7- 9 || total
-------------------------+-------+-------+-------++-------
Melee: Short sword       |    79 |    65 |       ||   144
       Punch             |       |     3 |       ||     3
       Whip              |       |    36 |     8 ||    44
 Fire: Hand crossbow     |     6 |    51 |    11 ||    68
 Stab: Sleeping          |    12 |     9 |       ||    21
Armor: Leather armour    |    25 |    18 |     1 ||    44
Dodge: Dodged            |    67 |    78 |    10 ||   155
